 Dungeon Crawl Stone Soup version 0.28.0-1-gb440e238dd (webtiles) character file.

Game seed: 17754969568802878450

43404 fragbeetle the Destroyer (level 14, -10/108 HPs)
             Began as a Gnoll Conjurer on Feb 23, 2022.
             Was a Priest of Ashenzari.
             Mangled by a cane toad (17 damage)
             ... on level 6 of the Lair of Beasts on Feb 24, 2022.
             The game lasted 01:16:15 (19275 turns).

fragbeetle the Destroyer (Gnoll Conjurer)          Turns: 19275, Time: 01:16:16

Health: -10/108    AC: 11    Str: 12    XL:     14   Next: 24%
Magic:  28/28      EV: 17    Int: 27    God:    Ashenzari [***...]
Gold:   369        SH:  0    Dex: 14    Spells: 10/33 levels left

rFire   + . .      SeeInvis +   a - +3 broad axe (elec)
rCold   + + .      Faith    .   (no shield)
rNeg    + . .      Spirit   .   v - +1 leather armour of the Sailor {rC+ Regen+ Dex+4}
rPois   .          Reflect  .   V - +0 helmet of Desmomancy {Cun, Alch} (curse)
rElec   .          Harm     .   Y - scarf of the Bound Augurer {rC+ rF+, Bglg, Fort} (curse)
rCorr   .          Rampage  .   H - +2 pair of gloves {Str+3}
Will    ++++.      Clarity  +   E - +0 pair of boots "Ensconced Seer" {Elem, Comp} (curse)
Stlth   +++++.....              D - amulet of the Four Winds {rN+ Will+++ Clar, Evo, Elem} (curse)
HPRegen 1.08/turn               A - ring of wizardry
MPRegen 0.21/turn               Z - ring "Cursed Vision" {Int+6, Elem, Bglg} (curse)

@: lethally poisoned (-10 -> -12), slowed, very slow
A: fangs 1, strong nose, distributed training
a: Renounce Religion, Curse Item, Shatter the Chains


You were on level 6 of the Lair of Beasts.
You worshipped Ashenzari.
Ashenzari was most pleased with you.
You visited 3 branches of the dungeon, and saw 18 of its levels.
You also visited: Ossuary.

You collected 960 gold pieces.
You spent 591 gold pieces at shops.

Inventory:

Hand Weapons
 a - a +3 broad axe of electrocution (weapon)
 d - a +3 scimitar of flaming
 t - the +3 mace "Imiesuv" {flame, Int+3}
   (You found it on level 2 of the Dungeon)

   It burns those it strikes, dealing additional fire damage.
   Int:       It affects your intelligence (+3).
 B - the +7 arbalest of Somewhere Else {speed, rElec rC- Str+7 Int+3}
   (You acquired it on level 11 of the Dungeon)

   Attacks with this weapon are significantly faster.
   Str:       It affects your strength (+7).
   Int:       It affects your intelligence (+3).
   rC:        It makes you vulnerable to cold.
   rElec:     It insulates you from electricity.
Missiles
 e - 38 poisoned darts
 f - 52 bolts
 g - a throwing net
 s - 8 curare-tipped darts
Armour
 v - the +1 leather armour of the Sailor (worn) {rC+ Regen+ Dex+4}
   (You found it on level 4 of the Dungeon)

   Dex:       It affects your dexterity (+4).
   rC:        It protects you from cold.
   Regen:     It increases your rate of health regeneration.
 E - the cursed +0 pair of boots "Ensconced Seer" (worn) {Elem, Comp}
   (You found it on level 5 of the Dungeon)

   It has a curse which improves the following skills: Elements: Fire Magic, Ice
   Magic, Air Magic and Earth Magic.
   Companions: Summonings and Necromancy.
 H - a +2 pair of gloves of strength (worn)
 V - the cursed +0 helmet of Desmomancy (worn) {Cun, Alch}
   (You found it on level 9 of the Dungeon)

   It has a curse which improves the following skills: Cunning: Dodging and
   Stealth.
   Alchemy:   Poison Magic and Transmutations.
 Y - the cursed scarf of the Bound Augurer (worn) {rC+ rF+, Bglg, Fort}
   (You found it on level 11 of the Dungeon)

   It has a curse which improves the following skills: Beguiling: Conjurations,
   Hexes and Translocations.
   Fortitude: Armour and Shields.
Magical Staves
 b - a staff of conjuration
Jewellery
 k - a ring of resist corrosion
 A - a ring of wizardry (left hand)
 D - the cursed amulet of the Four Winds (around neck) {rN+ Will+++ Clar, Evo, Elem}
   (You found it on level 5 of the Dungeon)

   [amulet of nothing]

   rN:        It protects you from negative energy.
   Clar:      It protects you against confusion.
   Will:      It greatly increases your willpower.
   It has a curse which improves the following skills: Evocations: Evocations.
   Elements:  Fire Magic, Ice Magic, Air Magic and Earth Magic.
 Z - the cursed ring "Cursed Vision" (right hand) {Int+6, Elem, Bglg}
   (You found it on level 11 of the Dungeon)

   [ring of intelligence]

   Int:       It affects your intelligence (+6).
   It has a curse which improves the following skills: Elements: Fire Magic, Ice
   Magic, Air Magic and Earth Magic.
   Beguiling: Conjurations, Hexes and Translocations.
Wands
 p - a wand of polymorph (21)
 L - a wand of flame (18)
 M - a wand of mindburst (4)
 S - a wand of iceblast (22)
 T - a wand of acid (9)
Scrolls
 i - 5 scrolls of blinking
 j - 5 scrolls of magic mapping
 o - 2 scrolls of fear
 q - a scroll of summoning
 r - 3 scrolls of silence
 y - 9 scrolls of teleportation
 z - 2 scrolls of enchant armour
 G - 3 scrolls of vulnerability
 J - a scroll of brand weapon
 K - a scroll of amnesia
 N - a scroll of holy word
 R - 3 scrolls of fog
 W - a scroll of enchant weapon
Potions
 c - 4 potions of brilliance
 h - 8 potions of curing
 l - 3 potions of flight
 m - 6 potions of attraction
 n - 2 potions of haste
 u - 2 potions of magic
 w - 2 potions of mutation
 x - 2 potions of might
 C - 4 potions of invisibility
 F - 5 potions of lignification
 I - 3 potions of berserk rage
 O - 4 potions of heal wounds
 Q - a potion of ambrosia
 U - 4 potions of resistance
Miscellaneous
 P - a lightning rod (4/4)
 X - a tin of tremorstones (2/2)


   Skills:
 + Level 9.0 Fighting
 + Level 9.0 Short Blades
 + Level 9.0 Long Blades
 + Level 9.0 Axes
 + Level 9.0 Maces & Flails
 + Level 9.0 Polearms
 + Level 9.0 Staves
 + Level 9.0 Slings
 + Level 9.0 Bows
 + Level 9.0 Crossbows
 + Level 9.0 Throwing
 + Level 9.0(10.7) Armour
 + Level 10.2(11.8) Dodging
 + Level 10.0(11.6) Stealth
 + Level 9.0(10.7) Shields
 + Level 9.0 Unarmed Combat
 + Level 10.4 Spellcasting
 + Level 10.4(12.8) Conjurations
 + Level 7.5(10.0) Hexes
 + Level 7.5(9.2) Summonings
 + Level 7.5(9.2) Necromancy
 + Level 7.5(10.0) Translocations
 + Level 7.5(9.2) Transmutations
 + Level 7.5(10.8) Fire Magic
 + Level 7.5(10.8) Ice Magic
 + Level 7.5(10.8) Air Magic
 + Level 7.5(10.8) Earth Magic
 + Level 7.5(9.2) Poison Magic
 + Level 9.9 Invocations
 + Level 9.0(10.7) Evocations


You had 10 spell levels left.
You knew the following spells:

 Your Spells              Type           Power      Damage    Failure   Level
a - Magic Dart            Conj           100%       1d8       1%          1
b - Searing Ray           Conj           100%       2d8       1%          2
c - Poisonous Vapours     Pois/Air       100%       N/A       1%          2
d - Blink                 Tloc           100%       N/A       1%          2
e - Fulminant Prism       Conj/Hex       33%        3d16      1%          4
f - Iskenderun's Mystic   Conj/Tloc      66%        2d14      1%          4
g - Yara's Violent Unrav  Hex/Tmut       30%        3d13      1%          5
h - Inner Flame           Hex/Fire       63%        N/A       1%          3

Your spell library contained the following spells:

 Spells                   Type           Power      Damage    Failure   Level
 Animate Skeleton         Necr           100%       N/A       1%          1
 Apportation              Tloc           100%       N/A       1%          1
 Slow                     Hex            100%       N/A       1%          1
 Summon Small Mammal      Summ           100%       N/A       1%          1
 Call Imp                 Summ           59%        N/A       1%          2
 Corpse Rot               Necr/Air       100%       N/A       1%          2
 Ensorcelled Hibernation  Hex/Ice        100%       N/A       1%          2
 Passwall                 Tmut/Erth      51%        N/A       1%          2
 Confusing Touch          Hex            62%        N/A       1%          3
 Dazzling Flash           Conj/Hex       100%       N/A       1%          3
 Lesser Beckoning         Tloc           62%        N/A       1%          3
 Mephitic Cloud           Conj/Pois/Air  65%        N/A       1%          3
 Portal Projectile        Hex/Tloc       100%       N/A       1%          3
 Swiftness                Air            64%        N/A       1%          3
 Vampiric Draining        Necr           59%        2d10      1%          3
 Cause Fear               Hex            31%        N/A       1%          4
 Blade Hands              Tmut           29%        N/A       1%          5
 Excruciating Wounds      Necr           29%        N/A       1%          5
 Fireball                 Conj/Fire      33%        3d14      1%          5
 Manifold Assault         Tloc           62%        N/A       1%          5
 Starburst                Conj/Fire      33%        6d10      2%          6
 Enfeeble                 Hex            31%        N/A       26%         7
 Ignition                 Fire           32%        3d10      80%         8
 Discord                  Hex            31%        N/A       88%         8


Dungeon Overview and Level Annotations

Branches:
Dungeon (11/15)            Temple (1/1) D:7            Lair (6/6) D:9
  Swamp (0/4) Lair:2       Spider (0/4) Lair:2          Orc (0/2) D:9
Ossuary (visited)
  Slime: Lair:5-6

Altars:
Ashenzari
Cheibriados
Dithmenos
Elyvilon
Fedhas
Gozag
Hepliaklqana
Kikubaaqudgha
Makhleb
Nemelex Xobeh
Okawaru
Qazlal
Ru
Sif Muna
Trog
Uskayaw
Vehumet
Wu Jian
Xom
Yredelemnul
Zin
The Shining One

Shops:
D:4 [   D:5 !   D:6 [   D:8 *   D:9 (

Portals:
Abyss: D:6

Annotations:
D:6 2 transporters, Snicker's ghost, weakling DsDe
D:9 dig4loot
Lair:5 exclusion: oklob plant


Innate Abilities, Weirdness & Mutations

You have very sharp teeth.
Your uncanny sense of smell can sniff out nearby items.
Your experience applies equally to all skills.


Message History

The wraith misses you. The cane toad stings you!!
The wraith hits you but does no damage. x2
The cane toad barely misses you.
You climb downwards.
There is a stone staircase leading up here.
You hit the wraith.
The wraith is heavily damaged.
You hit the cane toad but do no damage.
Lightning courses through the cane toad!!
You barely miss the wraith. The wraith barely misses you.
The wraith hits you but does no damage. The cane toad misses you.
The wraith completely misses you. The wraith hits you.
The cane toad closely misses you.
You closely miss the cane toad. You punch the cane toad.
The cane toad is severely wounded.
You closely miss the wraith. You completely miss the wraith.
The cane toad completely misses you. The wraith hits you.
The wraith drains your vigour!
You feel as though you will be slow longer.
The wraith barely misses you. The cane toad stings you!! The wraith misses you.
You hit the cane toad.
You punch the cane toad, but do no damage.
The cane toad is severely wounded.
You hit the wraith. x2; The wraith completely misses you.
The cane toad stings you!
You are poisoned.
The cane toad poisons you! The wraith hits you.
* * * LOW HITPOINT WARNING * * *
The wraith drains your vigour!
You feel as though you will be slow longer.
The wraith hits you but does no damage. The cane toad stings you!
* * * LOW HITPOINT WARNING * * *
You hit the cane toad but do no damage.
The cane toad is severely wounded.
You hit the wraith but do no damage. Lightning courses through the wraith!
You destroy the wraith!
You closely miss the wraith.
You feel very sick. The wraith misses you. The cane toad stings you!
You die...

###### ##.##.## *
#.#.P..## ., ##......# .
#########......P## .
###.#.##.#.........# .##
##..........@......##
..###.........#.WF...###
...........###......##
....#......# ##.....#
....##...P## #....##
#.###...### #..#.#
#..##...# #P..##
..#.#...# ##...#
.......## #..###


You could see a cane toad and a wraith.

Vanquished Creatures
  Josephine (Lair:5)
  8 hydras
  Fannar (D:9)
  2 boulder beetles (D:10)
  A two-headed ogre (D:10)
  5 death yaks
  Urug (Lair:1)
  Sonja (Lair:1)
  An orb spider (Lair:2)
  A will-o-the-wisp (Lair:2)
  3 cyclopes
  An ice statue (Lair:2)
  3 elephants
  A black mamba (Lair:3)
  A gargoyle (D:9)
  An efreet (D:11)
  An unseen horror (D:10)
  9 komodo dragons
  7 cane toads
  An ice devil (Lair:2)
  4 rime drakes
  A freezing wraith (Lair:2)
  2 hornets
  2 polar bears
  A troll (D:9)
  22 blink frogs
  A wyvern (Lair:3)
  4 wraiths
  27 yaks
  Eustachio (D:5)
  4 vampire mosquitoes (D:10)
  3 basilisks
  Menkaure (D:4)
  17 water moccasins
  2 orc warriors
  A sky beast (D:4)
  A hornet zombie (D:9)
  3 black bears
  4 ogres
  3 centaurs
  28 wolves
  2 phantoms
  2 kobold brigands
  20 bullfrogs
  2 gnoll sergeants (D:10)
  A wyvern zombie (Ossuary)
  2 scorpions
  2 water moccasin zombies (Ossuary)
  A cane toad simulacrum (Lair:2)
  A water moccasin skeleton (D:5)
  20 killer bees
  6 wights (D:6)
  8 howler monkeys
  An electric eel (Lair:3)
  3 bullfrog zombies (Ossuary)
  9 centaur zombies
  3 hounds
  3 jellies
  2 orc priests
  A bullfrog skeleton (D:6)
  A gnoll shaman (D:7)
  2 centaur skeletons (D:7)
  2 iguanas (D:6)
  An orc wizard (D:6)
  2 wolf simulacra (Lair:2)
  5 killer bee zombies
  A hound skeleton (D:4)
  12 mummies (Ossuary)
  2 howler monkey zombies
  12 gnolls
  A howler monkey skeleton (D:7)
  A naga simulacrum (Lair:2)
  8 adders
  2 shadow imps
  A white imp (Lair:2)
  2 worms
  10 dart slugs
  21 orcs
  5 ball pythons
  7 endoplasms
  A giant cockroach (D:2)
  7 goblins
  9 hobgoblins
  5 jackals
  6 quokkas
  8 bats
  5 frilled lizards
  20 kobolds
  2 rats
432 creatures vanquished.

Vanquished Creatures (others)
  3 foxfires (Lair:2)
  165 fulminant prisms
  82 fungi
  81 plants
  13 withered plants (Ossuary)
344 creatures vanquished.

Grand Total: 776 creatures vanquished

Notes
Turn   | Place    | Note
-------+----------+-------------------------------------------
     0 | D:1      | fragbeetle the Gnoll Conjurer began the quest for the Orb.
     0 | D:1      | Reached XP level 1. HP: 13/13 MP: 6/6
   120 | D:1      | Reached XP level 2. HP: 19/19 MP: 5/7
   657 | D:1      | Reached XP level 3. HP: 25/25 MP: 5/9
   982 | D:2      | Reached skill level 5 in Spellcasting
  1095 | D:2      | Found a shimmering altar of Xom.
  1217 | D:2      | Reached skill level 1 in Invocations
  1465 | D:2      | Reached skill level 1 in Fighting
  1465 | D:2      | Reached skill level 1 in Short Blades
  1465 | D:2      | Reached skill level 1 in Long Blades
  1465 | D:2      | Reached skill level 1 in Axes
  1465 | D:2      | Reached skill level 1 in Maces & Flails
  1465 | D:2      | Reached skill level 1 in Polearms
  1465 | D:2      | Reached skill level 1 in Staves
  1465 | D:2      | Reached skill level 1 in Slings
  1465 | D:2      | Reached skill level 1 in Bows
  1465 | D:2      | Reached skill level 1 in Crossbows
  1465 | D:2      | Reached skill level 1 in Throwing
  1465 | D:2      | Reached skill level 1 in Armour
  1465 | D:2      | Reached skill level 1 in Shields
  1465 | D:2      | Reached skill level 1 in Unarmed Combat
  1465 | D:2      | Reached skill level 1 in Evocations
  1598 | D:2      | Identified the +3 mace "Imiesuv" {flame, Int+3}
  1767 | D:2      | Reached XP level 4. HP: 32/32 MP: 7/11
  1953 | D:2      | Learned a level 2 spell: Searing Ray
  1956 | D:2      | Learned a level 2 spell: Poisonous Vapours
  2344 | D:3      | Reached skill level 1 in Hexes
  2344 | D:3      | Reached skill level 1 in Summonings
  2344 | D:3      | Reached skill level 1 in Necromancy
  2344 | D:3      | Reached skill level 1 in Translocations
  2344 | D:3      | Reached skill level 1 in Transmutations
  2344 | D:3      | Reached skill level 1 in Fire Magic
  2344 | D:3      | Reached skill level 1 in Ice Magic
  2344 | D:3      | Reached skill level 1 in Air Magic
  2344 | D:3      | Reached skill level 1 in Earth Magic
  2344 | D:3      | Reached skill level 1 in Poison Magic
  2408 | D:3      | Found a faded altar of an unknown god.
  2561 | D:3      | Reached XP level 5. HP: 29/37 MP: 5/12
  2764 | D:3      | Found a hide-covered altar of Uskayaw.
  2891 | D:4      | Noticed an ogre
  3246 | D:4      | Found Qicamepn's Armour Emporium.
  3293 | D:4      | Noticed a phantom
  3387 | D:4      | Killed a phantom
  3388 | D:4      | Reached XP level 6. HP: 16/44 MP: 5/14
  3493 | D:4      | Reached skill level 5 in Dodging
  3638 | D:4      | Noticed a sky beast
  3660 | D:4      | Killed a sky beast
  3661 | D:4      | Reached XP level 7. HP: 50/50 MP: 4/15
  3796 | D:4      | Identified the +1 leather armour of the Sailor {rC+ Regen+
                  | Dex+4}
  3958 | D:4      | Noticed Menkaure
  3961 | D:4      | Killed Menkaure
  4264 | D:5      | Entered Level 5 of the Dungeon
  4418 | D:5      | Reached skill level 5 in Stealth
  4494 | D:5      | Learned a level 2 spell: Blink
  4496 | D:5      | Found a blossoming altar of Fedhas.
  4497 | D:5      | Found an ornate altar of the Wu Jian Council.
  4498 | D:5      | Found an ancient bone altar of Kikubaaqudgha.
  4500 | D:5      | Found a white marble altar of Elyvilon.
  4500 | D:5      | Found a basalt altar of Yredelemnul.
  4640 | D:5      | Found Kochojel's Distillery.
  4651 | D:5      | Bought a potion of curing for 42 gold pieces
  4686 | D:5      | Bought a potion of brilliance for 56 gold pieces
  4686 | D:5      | Bought a potion of might for 56 gold pieces
  4686 | D:5      | Bought a potion of invisibility for 112 gold pieces
  4702 | D:5      | Reached XP level 8. HP: 57/57 MP: 10/16
  4823 | D:5      | Found the amulet of the Four Winds {rN+ Will+++ Clar}
  4882 | D:5      | Noticed Eustachio
  4918 | D:5      | Killed Eustachio
  5179 | D:6      | Found a sand-covered staircase.
  5215 | Ossuary  | Entered an ossuary
  5493 | Ossuary  | Reached XP level 9. HP: 65/65 MP: 18/18
  5498 | Ossuary  | Learned a level 4 spell: Fulminant Prism
  5503 | Ossuary  | Learned a level 4 spell: Iskenderun's Mystic Blast
  6151 | D:6      | Found a transporter.
  6158 | D:6      | Noticed an ancient zyme
  6172 | D:6      | Found a one-way gate to the infinite horrors of the Abyss.
  6235 | D:6      | Found a transporter.
  6240 | D:6      | Noticed a green ugly thing
  6294 | D:6      | Noticed Snicker's ghost (weakling DsDe)
  6832 | D:6      | Found Bumun's Antique Armour Shop.
  7005 | D:7      | Reached skill level 5 in Invocations
  7238 | D:7      | Reached XP level 10. HP: 65/73 MP: 6/20
  8085 | D:7      | Found a staircase to the Ecumenical Temple.
  8149 | Temple   | Entered the Ecumenical Temple
  8335 | Temple   | Became a worshipper of Ashenzari the Shackled
  8526 | D:8      | Found Keduav's Assorted Antiques.
  8671 | D:8      | Reached skill level 5 in Fighting
  8671 | D:8      | Reached skill level 5 in Short Blades
  8671 | D:8      | Reached skill level 5 in Long Blades
  8671 | D:8      | Reached skill level 5 in Axes
  8671 | D:8      | Reached skill level 5 in Maces & Flails
  8671 | D:8      | Reached skill level 5 in Polearms
  8671 | D:8      | Reached skill level 5 in Staves
  8671 | D:8      | Reached skill level 5 in Slings
  8671 | D:8      | Reached skill level 5 in Bows
  8671 | D:8      | Reached skill level 5 in Crossbows
  8671 | D:8      | Reached skill level 5 in Throwing
  8671 | D:8      | Reached skill level 5 in Armour
  8671 | D:8      | Reached skill level 5 in Shields
  8671 | D:8      | Reached skill level 5 in Unarmed Combat
  8671 | D:8      | Reached skill level 5 in Evocations
  9475 | D:9      | Found a staircase to the Orcish Mines.
  9491 | D:9      | Found Buynwong's Weapon Shop.
  9583 | D:9      | Reached * piety under Ashenzari
  9583 | D:9      | Identified a scroll of acquirement
  9667 | D:9      | Noticed a gargoyle
  9698 | D:9      | Killed a gargoyle
  9819 | D:9      | Found a staircase to the Lair.
  9839 | D:9      | Identified the Handbook of Frigorific Ignition
 10424 | D:9      | Reached ** piety under Ashenzari
 10601 | D:9      | Reached XP level 11. HP: 71/81 MP: 14/22
 10804 | D:10     | Entered Level 10 of the Dungeon
 10977 | D:10     | Noticed a cyclops
 10982 | D:10     | Noticed a boulder beetle
 10993 | D:10     | Noticed a boulder beetle
 11009 | D:10     | Killed a cyclops
 11010 | D:10     | Reached skill level 5 in Hexes
 11010 | D:10     | Reached skill level 5 in Summonings
 11010 | D:10     | Reached skill level 5 in Necromancy
 11010 | D:10     | Reached skill level 5 in Translocations
 11010 | D:10     | Reached skill level 5 in Transmutations
 11010 | D:10     | Reached skill level 5 in Fire Magic
 11010 | D:10     | Reached skill level 5 in Ice Magic
 11010 | D:10     | Reached skill level 5 in Air Magic
 11010 | D:10     | Reached skill level 5 in Earth Magic
 11010 | D:10     | Reached skill level 5 in Poison Magic
 11117 | D:10     | Killed a boulder beetle
 11216 | D:10     | Killed a boulder beetle
 11297 | D:10     | Noticed a cyclops
 11314 | D:10     | Killed a cyclops
 11522 | D:10     | Noticed a two-headed ogre
 11540 | D:10     | Killed a two-headed ogre
 11571 | D:9      | Learned a level 5 spell: Yara's Violent Unravelling
 12150 | D:10     | Noticed a four-headed hydra
 12159 | D:10     | Killed a four-headed hydra
 12284 | D:11     | Reached *** piety under Ashenzari
 12408 | D:11     | Noticed a cyclops
 12428 | D:11     | Killed a cyclops
 12698 | D:11     | Acquired the +7 arbalest of Somewhere Else {speed, rElec
                  | rC- Str+7 Int+3}
 13041 | Lair:1   | Entered Level 1 of the Lair of Beasts
 13047 | Lair:1   | Noticed Fannar
 13053 | Lair:1   | Reached XP level 12. HP: 94/94 MP: 17/26
 13107 | D:9      | Killed Fannar
 13426 | Lair:1   | Noticed Sonja
 13429 | Lair:1   | Killed Sonja
 13521 | Lair:1   | Noticed Urug
 13545 | Lair:1   | Killed Urug
 14153 | Lair:1   | Noticed a seven-headed hydra
 14169 | Lair:1   | Killed a seven-headed hydra
 14835 | Lair:2   | Noticed a six-headed hydra
 14863 | Lair:1   | Reached **** piety under Ashenzari
 15206 | Lair:2   | Found a white marble altar of Elyvilon.
 15245 | Lair:2   | Learned a level 3 spell: Inner Flame
 15267 | Lair:2   | Found a hole to the Spider Nest.
 15273 | Lair:2   | Reached XP level 13. HP: 103/103 MP: 21/28
 16001 | Lair:2   | Found a staircase to the Swamp.
 16321 | Lair:3   | Reached skill level 10 in Conjurations
 17266 | Lair:4   | Reached skill level 10 in Spellcasting
 17538 | D:8      | Bought a pair of embroidered gloves for 172 gold pieces
 17609 | D:6      | Bought a steaming scale mail for 153 gold pieces
 17609 | D:6      | Identified the +2 scale mail "Qeodoff" {Harm +Blink Str+6}
                  | (You bought it in a shop on level 6 of the Dungeon)
 18126 | Lair:4   | Reached skill level 10 in Dodging
 18370 | Lair:4   | Reached XP level 14. HP: 106/106 MP: 19/28
 18724 | Lair:5   | Identified the ring of Zauwe {Drain rPois rF++ rC+ SInv}
 18809 | Lair:5   | Found a blossoming altar of Fedhas.
 18879 | Lair:5   | Noticed Josephine
 18902 | Lair:6   | Entered Level 6 of the Lair of Beasts
 18974 | Lair:5   | Killed Josephine
 18975 | Lair:5   | Reached skill level 10 in Stealth
 19275 | Lair:6   | Mangled by a cane toad

Illustrated notes

Levels and vault maps discovered:
D:1:      dpeg_arrival_rooms_a, layout_basic, serial_curves, eino_curves_01,
          eino_curves_02, serial_park_tiny_pond, st_stairs_2, minmay_cut_off
D:2:      layout_loops_cross, basic_altar, st_stairs_3
D:3:      layout_rooms, lemuel_round_altar, hellmonk_ecumenical_altar_blasted
D:4:      layout_loops_ring, serial_shops, shop_statue, grunt_ministairs_6,
          minmay_starry_boxes, uniq_menkaure
D:5:      layout_basic, grunt_temple_overflow_open, serial_shops,
          nicolae_shop_competitors_out_of_business, uniq_eustachio
D:6:      layout_basic, gammafunk_ghost_abyssal_escape, serial_shops,
          kennysheep_little_box, enter_ossuary_1, nrook_uturn
D:7:      layout_basic, minmay_temple_entry_poolview
D:8:      layout_loops_ring, serial_shops, nicolae_shop_overgrown_old_shop
D:9:      layout_grid_maze, due_lair_maze_entry_diamond, orc_david_3,
          grunt_ministairs_7, nicolae_benzene_ring, minivault_21
D:10:     layout_long_grid, minmay_fractal_squares_gapless_7
D:11:     layout_rooms
Temple:   regret_index_temple_sphere_string
Lair:1:   layout_cave_pods, uniq_sonja, uniq_urug, uniq_fannar
Lair:2:   dreamdust_isle_of_ice, layout_regular_city, minmay_swamp_entry_wisps,
          nicolae_spider_entry_orb_guardian, basic_altar
Lair:3:   layout_regular_city, grunt_megastairs_4, infiniplex_staircase_pool
Lair:4:   layout_loops_ring
Lair:5:   layout_cave_shapes, minmay_slime_entry_oklob_open, basic_altar,
          ebering_ghost_reflecting_pool, grunt_megastairs_3, uniq_josephine
Lair:6:   minmay_lair_end_enchanted_forest, layout_misc_corridors,
          gammafunk_lair_bear_cave

Skill      XL: |  1  2  3  4  5  6  7  8  9 10 11 12 13 14 |
---------------+-------------------------------------------+-----
Spellcasting   | 5 6 7 8 9 10 | 10.4
Invocations    | 1 2 3 4 5 6 7 8 9 |  9.9
Fighting       | 1 2 3 4 5 6 7 8 9 |  9.0
Short Blades   | 1 2 3 4 5 6 7 8 9 |  9.0
Long Blades    | 1 2 3 4 5 6 7 8 9 |  9.0
Axes           | 1 2 3 4 5 6 7 8 9 |  9.0
Maces & Flails | 1 2 3 4 5 6 7 8 9 |  9.0
Polearms       | 1 2 3 4 5 6 7 8 9 |  9.0
Staves         | 1 2 3 4 5 6 7 8 9 |  9.0
Slings         | 1 2 3 4 5 6 7 8 9 |  9.0
Bows           | 1 2 3 4 5 6 7 8 9 |  9.0
Crossbows      | 1 2 3 4 5 6 7 8 9 |  9.0
Throwing       | 1 2 3 4 5 6 7 8 9 |  9.0
Armour         | 1 2 3 4 5 6 7 8 9 |  9.0
Shields        | 1 2 3 4 5 6 7 8 9 |  9.0
Unarmed Combat | 1 2 3 4 5 6 7 8 9 |  9.0
Evocations     | 1 2 3 4 5 6 7 8 9 |  9.0
Hexes          | 1 2 3 4 5 6 7 |  7.5
Summonings     | 1 2 3 4 5 6 7 |  7.5
Necromancy     | 1 2 3 4 5 6 7 |  7.5
Translocations | 1 2 3 4 5 6 7 |  7.5
Transmutations | 1 2 3 4 5 6 7 |  7.5
Fire Magic     | 1 2 3 4 5 6 7 |  7.5
Ice Magic      | 1 2 3 4 5 6 7 |  7.5
Air Magic      | 1 2 3 4 5 6 7 |  7.5
Earth Magic    | 1 2 3 4 5 6 7 |  7.5
Poison Magic   | 1 2 3 4 5 6 7 |  7.5
Dodging        | 5 6 7 8 9 10 | 10.2
Stealth        | 5 6 7 8 9 10 | 10.0
Conjurations   | 8 9 10 | 10.4

Action                   |  1- 3 |  4- 6 |  7- 9 | 10-12 | 13-15 || total
-------------------------+-------+-------+-------+-------+-------++-------
Melee: Rapier            |     9 |       |       |       |       ||     9
       Bite              |     1 |       |    16 |    36 |    15 ||    68
       Mace              |       |     9 |   141 |   145 |       ||   295
       Punch             |       |       |     6 |    13 |    15 ||    34
       Staff             |       |       |       |    17 |    22 ||    39
       Broad axe         |       |       |       |    80 |   159 ||   239
 Fire: Arbalest          |       |       |       |     6 |    22 ||    28
 Cast: Magic Dart        |    74 |    62 |    20 |    14 |    29 ||   199
       Searing Ray       |       |     9 |    36 |    20 |    10 ||    75
       Poisonous Vapours |       |     7 |     4 |    28 |    17 ||    56
       Fulminant Prism   |       |       |    19 |    86 |    61 ||   166
       Blink             |       |       |     1 |     2 |     2 ||     5
       Iskenderun's Myst |       |       |       |     2 |     3 ||     5
       Inner Flame       |       |       |       |     1 |     9 ||    10
Invok: Curse Item        |       |       |       |     6 |     1 ||     7
       Shatter the Chain |       |       |       |       |     2 ||     2
Evoke: Wand              |       |       |       |     6 |     5 ||    11
       Tin of tremorston |       |       |       |       |     1 ||     1
  Use: Scroll            |       |       |       |    11 |     5 ||    16
       Potion            |       |       |       |       |     1 ||     1
 Stab: Sleeping          |       |       |     2 |       |       ||     2
       Distracted        |       |       |     1 |     1 |       ||     2
Armor: Robe              |     3 |       |       |       |       ||     3
       Leather armour    |       |     7 |    46 |   102 |    84 ||   239
Dodge: Dodged            |    15 |    14 |   172 |   333 |   249 ||   783
